 Dungeon Crawl Stone Soup version 0.21-a0-509-gecc5317 (webtiles) character file.

16 Laiders the Ruffian (level 2, -4/23 HPs)
             Began as a Draconian Transmuter on Nov 30, 2017.
             Killed from afar by a dart slug (8 damage)
             ... with a slug dart
             ... on level 1 of the Dungeon.
             The game lasted 00:01:05 (444 turns).

Laiders the Ruffian (Draconian Transmuter)           Turns: 444, Time: 00:01:06

Health: -4/23      AC:  4    Str: 12    XL:     2   Next: 37%
Magic:  5/5        EV: 12    Int: 13    God:
Gold:   19         SH:  0    Dex: 11    Spells: 2/5 levels left

rFire    . . .     SeeInvis .     - Unarmed
rCold    . . .     Gourm    .   (no shield)
rNeg     . . .     Faith    .   (armour unavailable)
rPois    .         Spirit   .   (helmet restricted)
rElec    .         Reflect  .   (no cloak)
rCorr    .         Harm     .   (no gloves)
MR       .....     Rnd*Tele +   (no boots)
Stlth    +.........             (no amulet)
HPRegen  0.07/turn              e - ring of teleportation (curse)
MPRegen  0.09/turn              (no ring)

@: lethally poisoned (-4 -> -8)
A: unfitting armour, cold-blooded, AC +4
a: no special abilities


You were on level 1 of the Dungeon.
You were not hungry.

You visited 1 branch of the dungeon, and saw 1 of its levels.

You collected 19 gold pieces.

Inventory:

Missiles
 a - 12 arrows
Jewellery
 e - a cursed ring of teleportation (left hand)
Scrolls
 g - a scroll of blinking {unknown}
Books
 b - a book of Changes

   Spells                             Type                      Level
   a - Beastly Appendage              Transmutation                1
   b - Sticks to Snakes               Transmutation                2
   c - Spider Form                    Transmutation/Poison         3
   d - Ice Form                       Ice/Transmutation            4
   e - Blade Hands                    Transmutation                5
Comestibles
 c - 2 bread rations
 d - a chunk of flesh
 f - a royal jelly


   Skills:
 - Level 1.1 Fighting
 - Level 1.7 Dodging
 + Level 3.2 Unarmed Combat
 + Level 2.3 Spellcasting
 + Level 2.4 Transmutations


You had 2 spell levels left.
You knew the following spells:

 Your Spells              Type           Power        Failure   Level  Hunger
a - Beastly Appendage     Tmut           #.....       10%         1    #......
b - Sticks to Snakes      Tmut           #.......     14%         2    ###....


Dungeon Overview and Level Annotations

Branches:
Dungeon (1/15)

Altars:


Innate Abilities, Weirdness & Mutations

Your plain brown scales are hard. (AC +4)
You cannot fit into any form of body armour.
You are cold-blooded and may be slowed by cold attacks.


Message History

The bat completely misses you.
You aren't carrying any potions.
* * * LOW HITPOINT WARNING * * *
You feel sick. The bat barely misses you. The bat hits you but does no damage.
You closely miss the bat.
You feel sick. The bat closely misses you.
You barely miss the bat. The bat hits you but does no damage.
The bat closely misses you. The bat hits you but does no damage.
The bat closely misses you.
You feel sick. The bat hits you but does no damage.
You hit the bat.
You kill the bat!
You are suddenly yanked towards a nearby monster!
Your surroundings suddenly seem different.
Found two whips and 5 gold pieces.
A dart slug comes into view.
You see here a whip.
The dart slug launches a dart at you. The slug dart hits you!
You die...

#....?###.#.####
#.....#....(..##
#.(............#
#$........).....
###..#.......[...
.................
#...............
########..#.)(....>....
#...))@.....†>.(......#
#...#..##...##........#
#..##
#.....#............ #
........#..........
........##..........
..w##.....#....?.....
#... #.###.#..........
.$.. ..# #............
###.#........


You could see a dart slug.

Vanquished Creatures
  2 bats (D:1)
  6 jackals (D:1)
  A frilled lizard (D:1)
  4 kobolds (D:1)
  2 rats (D:1)
15 creatures vanquished.

Notes
Turn   | Place    | Note
-------+----------+-------------------------------------------
     0 | D:1      | Laiders the Draconian Transmuter began the quest for the Orb.
     0 | D:1      | Reached XP level 1. HP: 16/16 MP: 3/3
     1 | D:1      | Noticed an electric eel
   296 | D:1      | Reached XP level 2. HP: 18/23 MP: 5/5
   310 | D:1      | Learned a level 2 spell: Sticks to Snakes
   444 | D:1      | Killed from afar by a dart slug

Vault maps used:
D:1:      arrival_aquarium_a

Action                   || total
-------------------------++-------
Melee: Unarmed           ||    70
       Tailslap          ||     4
       Kick              ||     2
 Cast: Beastly Appendage ||     1
Armor: Skin              ||    34
Dodge: Dodged            ||    93

Table legend:
 A = Spawn XP
 B = Non-spawn XP
 C = Spawn XP percentage of total XP
 D = Spawn monster count
 E = Non-spawn monster count
 F = Spawn count percentage of total count
 G = Total turns spent on level
                    A         B        C        D         E        F      G
               +---------+---------+-------+---------+---------+-------+---------
         Total |       0 |      23 |   0.0 |       0 |      15 |   0.0 |   444
               +---------+---------+-------+---------+---------+-------+---------
           D:1 |       0 |      23 |   0.0 |       0 |      15 |   0.0 |   444
               +---------+---------+-------+---------+---------+-------+---------
